Map: Ulrena

Players

Skipi - Winner!

  • Race: Protoss Protoss
  • League: Gold
  • Spawn Location: 11:00

zidar

  • Race: Zerg Zerg
  • League: Gold
  • Spawn Location: 7:00

VOD

Have the link to the VOD?

Description

Time

  • Played on: June 17, 2016, 3:57 p.m.
  • Length: 11:21
Show
View Real Time Build Order
Export as new Build Order

Skipi Protoss - Winner!

Build Orders: 1 Gate Expand 

Get SALT Encoding   

  12  0:03  Probe (Chrono Boost)  
  13  0:13  Probe (Chrono Boost)  
  14  0:20  Pylon  
  14  0:24  Probe (Chrono Boost)  
  15  0:38  Probe (Chrono Boost)  
  15  0:39  Gateway  
  16  0:45  Assimilator  
  16  0:49  Probe (Chrono Boost)  
  17  1:00  Probe (Chrono Boost)  
  18  1:10  Probe (Chrono Boost)  
  19  1:24  Nexus  
  19  1:39  Cybernetics Core  
  19  1:43  Assimilator  
  19  1:44  Probe (Chrono Boost)  
  20  1:57  Pylon  
  22  2:11  Gateway  
  22  2:13  Probe (Chrono Boost)  
  23  2:18  Adept (Chrono Boost)  
  23  2:20  Warp Gate  
  23  2:27  Mothership Core  
  25  2:36  Probe  
  26  2:47  Probe  
  26  2:48  Probe  
  30  2:55  Stalker (Chrono Boost)  
  30  2:57  Probe  
  30  3:00  Probe  
  30  3:05  Adept (Chrono Boost)  
  34  3:08  Probe  
  34  3:12  Probe  
  36  3:18  Probe  
  36  3:22  Twilight Council  
  36  3:24  Probe  
  38  3:29  Probe  
  39  3:36  Probe  
  39  3:39  Probe  
  39  3:40  Pylon  
  41  3:45  Gateway  
  41  3:51  Gateway  
  45  3:55  Adept (Chrono Boost)  
  45  3:58  Adept (Chrono Boost)  
  45  4:00  Probe  
  45  4:01  Probe  
  47  4:08  Gateway  
  47  4:12  Probe  
  47  4:13  Probe  
  47  4:17  Resonating Glaives (Chrono Boost)  
  49  4:25  Probe  
  50  4:31  Robotics Facility  
  50  4:34  Pylon  
  50  4:41  Probe  
  50  4:42  Probe  
  52  4:47  Assimilator  
  52  4:49  Pylon  
  52  4:51  Adept  
  54  4:58  Nexus  
  54  5:01  Pylon  
  54  5:03  Adept x2  
  58  5:24  Stalker x4  
  66  5:31  Observer  
  67  5:36  Adept  
  69  5:50  Stalker x2  
  69  5:52  Adept x2  
  77  5:59  Probe  
  77  6:01  Probe  
  77  6:09  Immortal (Chrono Boost)  
  81  6:12  Pylon  
  81  6:15  Pylon  
  81  6:30  Adept  
  81  6:31  Adept x2  
  81  6:32  Stalker x2  
  91  6:35  Probe  
  91  6:36  Probe  
  91  6:37  Probe  
  94  6:44  Assimilator  
  98  6:47  Immortal (Chrono Boost)  
  98  6:49  Probe  
  99  6:55  Probe  
  99  6:56  Probe  
  99  7:01  Probe  
  102  7:11  Adept  
  102  7:12  Sentry, Adept  
  102  7:15  Probe  
  109  7:25  Pylon  
  109  7:28  Pylon  
  109  7:32  Pylon  
  109  7:34  Pylon  
  109  7:36  Pylon  
  109  7:42  Probe x2  
  109  7:43  Probe, Warp Prism (Chrono Boost)  
  114  7:52  Probe x2  
  114  7:55  Probe  
  117  8:03  Probe, Gateway x2  
  118  8:05  Gateway  
  118  8:09  Forge  
  118  8:11  Forge  
  118  8:13  Robotics Facility  
  118  8:17  Stalker x2  
  118  8:18  Adept x2  
  118  8:19  Adept  
  128  8:32  Assimilator  
  128  8:35  Templar Archives  
  128  8:38  Immortal (Chrono Boost)  
  132  8:42  Protoss Ground Armor Level 1 (Chrono Boost)  
  132  8:44  Protoss Ground Weapons Level 1 (Chrono Boost)  
  132  8:56  Adept x3  
  132  8:57  Stalker x2  
  142  9:05  Pylon  
  142  9:07  Pylon  
  142  9:16  Immortal  
  146  9:21  Nexus  
  146  9:24  Pylon  
  146  9:26  Pylon  
  146  9:30  Zealot x2  
  146  9:31  Zealot x6  
  157  9:52  Stalker x4  
  161  10:03  Adept x3  
  127  10:13  Stalker x3  
  127  10:14  Stalker  
  113  10:16  Adept x2  
  113  10:17  Adept x2  
  117  10:37  Nexus, Adept x5  
  117  10:38  Adept x3  
  117  10:40  Pylon  
  117  10:42  Pylon  
Show
View Real Time Build Order
Export as new Build Order

zidar Zerg 

Build Orders: Pool First 

Get SALT Encoding   

  12  0:01  Drone  
  13  0:14  Overlord  
  13  0:17  Drone  
  14  0:32  Drone x2  
  16  0:45  Spawning Pool, Drone  
  16  1:09  Hatchery  
  15  1:11  Drone  
  15  1:14  Extractor  
  15  1:26  Drone  
  15  1:28  Overlord  
  16  1:35  Queen  
  18  1:46  Drone x2  
  20  1:53  Drone  
  21  2:07  Drone  
  22  2:11  Queen  
  24  2:19  Drone  
  25  2:25  Metabolic Boost  
  25  2:27  Drone x2  
  27  2:32  Extractor  
  27  2:51  Drone x7  
  33  3:01  Roach Warren  
  32  3:18  Evolution Chamber x2  
  29  3:35  Drone  
  29  3:36  Drone x6  
  29  3:40  Overlord  
  36  3:42  Overlord  
  36  3:50  Lair  
  36  4:08  Drone x7  
  43  4:21  Hatchery  
  42  4:27  Extractor  
  42  4:29  Drone x4  
  42  4:30  Extractor  
  44  4:35  Zergling x6  
  47  4:53  Hydralisk Den, Drone  
  47  5:20  Overlord x2  
  47  5:21  Overlord  
  47  5:30  Zerg Missile Weapons Level 1  
  47  5:31  Zerg Ground Armor Level 1  
  47  5:35  Queen  
  47  5:38  Roach  
  47  5:39  Roach x10  
  71  5:47  Glial Reconstitution  
  71  5:49  Muscular Augments  
  71  5:52  Drone x2  
  71  5:56  Drone  
  74  5:58  Overlord  
  73  6:33  Roach x4  
  73  6:37  Overlord  
  73  6:38  Overlord x3  
  73  6:39  Overlord  
  81  6:55  Hydralisk x7  
  95  7:12  Drone x9  
  104  7:24  Hydralisk  
  104  7:25  Roach, Hydralisk x2  
  112  7:39  Hydralisk x5  
  122  7:45  Zerg Missile Weapons Level 2  
  122  7:49  Zerg Ground Armor Level 2  
  122  7:58  Overlord  
  122  7:59  Overlord x2  
  120  8:23  Hydralisk x7  
  120  8:24  Hydralisk x2  
  120  8:25  Hydralisk  
  143  8:34  Drone x3  
  143  8:42  Pneumatized Carapace  
  143  8:57  Infestation Pit  
  143  8:59  Hydralisk  
  144  9:05  Lurker Den  
  144  9:12  Drone  
  144  9:14  Overlord  
  144  9:15  Overlord x7  
  143  9:54  Hydralisk  
  143  9:55  Hydralisk x13  
  135  10:09  Hydralisk x4  
  97  10:24  Hydralisk x3  
  103  10:30  Zergling x12  
  109  10:40  Zergling x4  
  111  10:46  Zergling x8  
Tags
 
Add a new tag
Caveats
  • Supply blocks, unpowered buildings, or Contaminate may cause inaccurate times.
  • Supply counts are checked every 10 seconds.